 Dungeon Crawl Stone Soup version 0.30-a0-571-gdf30a72648 (webtiles) character file.

Game seed: 6191278510728523354

88 Jase the Sneak (level 4, -5/24 HPs)
             Began as a Kobold Enchanter on Dec 29, 2022.
             Killed from afar by an orc wizard (7 damage)
             ... with a magic dart
             ... on level 3 of the Dungeon.
             The game lasted 00:04:39 (2038 turns).

Jase the Sneak (Kobold Enchanter)                   Turns: 2038, Time: 00:04:39

Health: -5/24      AC:  4    Str:  5    XL:     4   Next: 82%
Magic:  7/7        EV: 15    Int: 18    God:
Gold:   120        SH:  0    Dex: 15    Spells: 2/7 levels left

rFire   . . .      SeeInvis .    a - +1 dagger
rCold   . . .      Faith    .    (no shield)
rNeg    . . .      Spirit   .    b - +0 robe
rPois   .          Reflect  .    (no helmet)
rElec   .          Harm     .    (no cloak)
rCorr   .          Rampage  .    p - +0 pair of gloves
Will    .....                    f - +0 pair of boots
Stlth   ++                       (no amulet)
HPRegen 0.24/turn                (no ring)
MPRegen 0.10/turn                (no ring)

@: confused
A: small, no large weapons, nightstalker 3
a: no special abilities


You were on level 3 of the Dungeon.
You visited 1 branch of the dungeon, and saw 4 of its levels.

You collected 120 gold pieces.

Inventory:

Hand Weapons
 a - a +1 dagger (weapon)
Armour
 b - a +0 robe (worn)
 f - a +0 pair of boots (worn)
 p - a +0 pair of gloves (worn)
Wands
 o - a wand of digging (9)
Scrolls
 i - 2 scrolls of identify {unknown}
 j - 3 scrolls of poison {unknown}
 k - 3 scrolls of vulnerability {unknown}
 m - a scroll of teleportation {unknown}
 q - 3 scrolls of enchant armour {unknown}
 s - a scroll of immolation {unknown}
Potions
 c - 2 potions of invisibility
 d - a potion of mutation {unknown}
 e - a potion of heal wounds {unknown}
 g - 2 potions of attraction {unknown}
 h - a potion of brilliance {unknown}
 l - a potion of lignification {unknown}
 n - a potion of haste {unknown}
 r - a potion of magic {unknown}


   Skills:
 + Level 2.8 Short Blades
 + Level 3.3 Dodging
 + Level 4.8 Stealth
 - Level 2.1 Spellcasting
 + Level 3.5 Hexes
 + Level 1.3 Ice Magic


You had 2 spell levels left.
You knew the following spells:

 Your Spells              Type           Power      Damage    Failure   Level
a - Ensorcelled Hibernat  Hex/Ice        20%        N/A       10%         2
b - Confusing Touch       Hex            14%        N/A       12%         3

Your spell library contained the following spells:

 Spells                   Type           Power      Damage    Failure   Level
 Tukima's Dance           Hex            14%        N/A       12%         3
 Dazzling Flash           Conj/Hex       16%        N/A       26%         3
 Olgreb's Toxic Radiance  Pois           1%         N/A       87%         4
 Ozocubu's Refrigeration  Ice            3%         4d8       100%        7
 Ignition                 Fire           0%         3d3       100%        8


Dungeon Overview and Level Annotations

Branches:
Dungeon (4/15)
 Temple: D:4-7

Altars:

Shops:
D:4 (

Annotations:
D:3 exclusion: gnoll


Innate Abilities, Weirdness & Mutations

You are small and have problems with some larger weapons.
You are completely attuned to the shadows.


Message History

You closely miss something. You barely miss something. Something hits you.
You closely miss something. Something hits you.
You miss something.
You hear some strange, mumbled words.
A magic dart appears from out of thin air!
The magic dart hits you but does no damage.
You closely miss something. Something hits you but does no damage.
You miss something. Something hits you.
You barely miss something.
You hear some strange, mumbled words.
You are confused.
You miss something. Something barely misses you.
You barely miss something. You miss something.
You hear some strange, mumbled words.
You are more confused.
You closely miss something. Something hits you but does no damage.
You hit something. Something hits you.
You bump into the rock wall.
You hear some strange, mumbled words.
You are more confused.
You bump into the rock wall.
Something hits you.
You bump into the rock wall.
Something hits you.
You miss something. Something hits you.
You completely miss something. Something completely misses you.
You closely miss something. Something hits you.
You bump into the rock wall.
Something hits you.
You're too confused to move!
Something hits you.
* * * LOW HITPOINT WARNING * * *
You completely miss something.
You bump into the rock wall.
Something hits you.
* * * LOW HITPOINT WARNING * * *
Something hits you.
* * * LOW HITPOINT WARNING * * *
You bump into the rock wall.
You hear some strange, mumbled words.
A magic dart appears from out of thin air!
The magic dart hits you!
You die...

#.# #.# #
... # .o.
# #.# #
#)#
#######.#
#<.@{.).#
#######.#
###


There were no monsters in sight!

Vanquished Creatures
  Ijyb (D:3)
  An adder (D:3)
  4 orcs (D:3)
  5 endoplasms
  6 giant cockroaches
  2 hobgoblins
  2 jackals (D:1)
  3 ball pythons
  8 bats
  2 frilled lizards
  7 goblins
  3 kobolds
  3 rats
47 creatures vanquished.

Notes
Turn   | Place    | Note
-------+----------+-------------------------------------------
     0 | D:1      | Jase the Kobold Enchanter began the quest for the Orb.
     0 | D:1      | Reached XP level 1. HP: 10/10 MP: 3/3
   117 | D:1      | Reached XP level 2. HP: 15/15 MP: 5/5
   120 | D:1      | Learned a level 2 spell: Ensorcelled Hibernation
   563 | D:1      | Reached XP level 3. HP: 19/19 MP: 6/6
  1023 | D:2      | You fall into a shaft and drop 2 floors!
  1023 | D:4      | Found Onkit's Antique Weapon Boutique.
  1142 | D:3      | Noticed Ijyb
  1150 | D:3      | Killed Ijyb
  1151 | D:3      | Reached skill level 1 in Ice Magic
  1151 | D:3      | Reached XP level 4. HP: 21/24 MP: 7/7
  1166 | D:3      | Learned a level 3 spell: Confusing Touch
  2038 | D:3      | Killed from afar by an orc wizard

Illustrated notes

Levels and vault maps discovered:
D:1:      tarquinn_simple_flora_water_c, layout_basic, st_stairs_5,
          roderic_roman_lattice
D:2:      layout_loops_cross, minmay_misc_feat_rows
D:3:      layout_basic, kennysheep_pointless_box, uniq_robin, uniq_ijyb
D:4:      layout_cave_pools, mainiacjoe_overflow_surrounded_room, serial_shops,
          shop, serial_column_ruins, column_ruins_grid_1,
          column_ruins_columns_T, column_ruins_open_small, column_ruins_grid_4,
          column_ruins_columns_T, uniq_pikel

Skill      XL: |  1  2  3 |
---------------+----------+-----
Short Blades   | 2 |  2.8
Dodging        | 3 |  3.3
Ice Magic      | 1 |  1.3
Stealth        | |  4.8
Spellcasting   | |  2.1
Hexes          | |  3.5

Action                   |  1- 3 |  4- 6 || total
-------------------------+-------+-------++-------
Melee: Dagger            |    96 |    88 ||   184
       Punch             |       |     1 ||     1
 Stab: Sleeping          |    11 |     6 ||    17
Armor: Robe              |    15 |    13 ||    28
Dodge: Dodged            |    70 |    50 ||   120

Table legend: (Time is in decaauts)
 A = Elapsed time spent in this place.
 B = Non-inter-level travel time spent in this place.
 C = Inter-level travel time spent in this place.
 D = Time resting spent in this place.
 E = Time spent auto-exploring this place.
 F = Levels seen in this place.
 G = Mean time per level.
                   A        B        C        D        E       F      G
               +--------+--------+--------+--------+--------+-----+--------+
         Total |   2017 |   1940 |     77 |     92 |   1424 |   4 |  504.2 |
       Dungeon |   2017 |   1940 |     77 |     92 |   1424 |   4 |  504.2 |
               +--------+--------+--------+--------+--------+-----+--------+

Top non-repeatable levels by time:
     D:2: 842 daAuts
     D:1: 748 daAuts
     D:3: 422 daAuts
     D:4: 3 daAuts
